 Dungeon Crawl Stone Soup version 0.29.1-15-g9cfb28693d (webtiles) character file.

Game seed: 16809836095764053485

292 hawla the Chiller (level 6, -9/43 (46) HPs)
             Began as a Meteoran Ice Elementalist on Apr 13, 2023.
             Mangled by a wight
             ... wielding a +2 mace
              (12 damage)
             ... on level 4 of the Dungeon.
             The game lasted 00:05:26 (976 turns).

hawla the Chiller (Meteoran Ice Elementalist)        Turns: 976, Time: 00:05:27

HP:   -9/43 (46)    AC:  4    Str: 10    XL:     6   Next: 91%
MP:   6/14          EV: 13    Int: 18    God:
Gold: 154           SH:  0    Dex: 17    Spells: 6/14 levels left

rFire   + . .      SeeInvis .   c - +0 quarterstaff
rCold   . . .      Faith    .   (shield currently unavailable)
rNeg    . . .      Spirit   .   a - +1 robe
rPois   .          Reflect  .   (no helmet)
rElec   .          Harm     .   (no cloak)
rCorr   .          Rampage  .   i - +0 pair of gloves
Will    .....                   (no boots)
Stlth   +.........              (no amulet)
HPRegen 0.14/turn               (no ring)
MPRegen 0.14/turn               (no ring)

@: freezing walls, attractive, glowing, drained
A: sense surroundings 1, otherworldly, glowing, explore regen, thin skeletal
structure 1, fire resistance 1, passive freeze
a: no special abilities


You were on level 4 of the Dungeon.
You visited 1 branch of the dungeon, and saw 4 of its levels.

You collected 154 gold pieces.

Inventory:

Hand Weapons
 c - a +0 quarterstaff (weapon)
Armour
 a - a +1 robe (worn)
 i - a +0 pair of gloves (worn)
Jewellery
 h - a ring of protection from cold
Wands
 g - a wand of digging (3)
Scrolls
 d - a scroll of enchant weapon {unknown}
 e - a scroll of identify
 m - 4 scrolls of brand weapon {unknown}
 n - a scroll of teleportation {unknown}
Potions
 b - a potion of magic
 j - a potion of flight
 k - a potion of haste


   Skills:
 - Level 0.7 Fighting
 - Level 0.4 Staves
 - Level 2.8 Dodging
 - Level 1.4 Stealth
 - Level 4.7 Spellcasting
 + Level 3.3 Conjurations
 - Level 6.1 Ice Magic


You had 6 spell levels left.
You knew the following spells:

 Your Spells              Type           Power      Damage    Failure   Level
a - Freeze                Ice            100%       1d11      1%          1
b - Frozen Ramparts       Ice            52%        1d8       3%          3
c - Hailstorm             Conj/Ice       21%        3d6       21%         4

Your spell library contained the following spells:

 Spells                   Type           Power      Damage    Failure   Level
 Ozocubu's Armour         Ice            26%        N/A       3%          3
 Mephitic Cloud           Conj/Pois/Air  8%         N/A       26%         3
 Ignite Poison            Fire/Tmut/Pois 4%         N/A       38%         3
 Freezing Cloud           Conj/Ice/Air   7%         6-21      71%         5


Dungeon Overview and Level Annotations

Branches:
Dungeon (4/15) Zot: 1419
 Temple: D:4-7

Altars:
Uskayaw


Innate Abilities, Weirdness & Mutations

You passively map a small area around you.
You are easily found by Zot.
You glow in the dark.
You regain HP and MP as you explore.
You have a somewhat thin skeletal structure. (Dex +2, Stealth+)
Your flesh is heat resistant. (rF+)
A frigid envelope surrounds you and freezes all who hurt you.


Message History

You feel attractive to monsters. The wight closely misses you.
You feel better. The wight hits you with a +2 mace.
The wight resists.
The wight is very cold.
The wight is severely damaged.
Casting: Hailstorm (quite dangerous; 21% risk of failure)
Confirm with . or Enter, or press ? or * to list all spells.
Casting: Frozen Ramparts (dangerous; 3% risk of failure)
Press: ? - help, Dir - look around, f - activate The walls around you are covered in ice.
The wall freezes the endoplasm.
The wight completely resists.
The wall freezes the wight but does no damage.
The wight hits you but does no damage.
The wight completely resists.
Unknown command.
You closely miss the wight.
The wight is severely damaged.
The wall freezes the endoplasm!
You kill the endoplasm!
The wall freezes the wight but does no damage.
The wight hits you with a +2 mace.
* * * LOW HITPOINT WARNING * * *
You feel drained.
* * * LOW HITPOINT WARNING * * *
The wight completely resists.
You closely miss the wight.
The wight is severely damaged.
The wight completely resists.
The wall freezes the wight but does no damage.
The wight hits you with a +2 mace.
* * * LOW HITPOINT WARNING * * *
You feel drained.
* * * LOW HITPOINT WARNING * * *
The wight resists.
The wight is very cold.
The wight is severely damaged.
You hit the wight.
The wight is almost destroyed.
The wight completely resists.
The wall freezes the wight but does no damage.
The wight hits you with a +2 mace!
You die...

****** *,,,,* *,,,,* *,,,,*
*,,,,* ## *,<,.*
.###################....*
................@z)!....*
.###################....*
.###**####..........,,,.*
....,,..##..........,,,,*
.###**#.##..........*,*** ##
#.##..).......*,*
#######.##).........*,*
......[...........).*,********
#..####.##..........*,*,,,,,,*


You could see a wight.

Vanquished Creatures
  An ogre (D:3)
  2 wights (D:4)
  A jelly (D:3)
  A hound (D:4)
  An adder (D:2)
  3 worms
  3 orcs (D:4)
  A bat (D:2)
  4 endoplasms
  A giant cockroach (D:2)
  3 hobgoblins (D:2)
  4 jackals (D:4)
  A quokka (D:2)
  2 ball pythons
  A frilled lizard (D:1)
  3 goblins
  3 kobolds
  A rat (D:2)
36 creatures vanquished.

Notes
Turn   | Place    | Note
-------+----------+-------------------------------------------
     0 | D:1      | hawla the Meteoran Ice Elementalist began the quest for the
                  | Orb.
     0 | D:1      | Reached XP level 1. HP: 14/14 MP: 5/5
    44 | D:1      | Reached XP level 2. HP: 8/20 MP: 0/6
   134 | D:2      | Reached skill level 5 in Ice Magic
   134 | D:2      | Reached XP level 3. HP: 7/26 MP: 3/8
   390 | D:2      | Learned a level 3 spell: Frozen Ramparts
   496 | D:3      | Noticed an ogre
   503 | D:3      | Killed an ogre
   504 | D:3      | Reached XP level 4. HP: 20/34 MP: 2/11
   504 | D:3      | Reached XP level 5. HP: 23/39 MP: 2/12
   637 | D:4      | Gained mutation: A frigid envelope surrounds you and
                  | freezes all who hurt you. [potion of mutation]
   637 | D:4      | Gained mutation: Your flesh is heat resistant. (rF+)
                  | [potion of mutation]
   637 | D:4      | Gained mutation: You have a somewhat thin skeletal
                  | structure. (Dex +2, Stealth+) [potion of mutation]
   650 | D:4      | Reached skill level 6 in Ice Magic
   650 | D:4      | Reached XP level 6. HP: 43/46 MP: 9/13
   752 | D:4      | Learned a level 4 spell: Hailstorm
   841 | D:4      | Found a hide-covered altar of Uskayaw.
   976 | D:4      | Mangled by a wight

Illustrated notes

Levels and vault maps discovered:
D:1:      tarquinn_simple_flora_water_e, layout_rooms, chequers_jeans,
          nicolae_wormholes
D:2:      layout_loops_ring, minmay_randomly_rotated_circles
D:3:      layout_loops_corners, hex_large
D:4:      layout_rooms, kennysheep_mini_moat, minivault_5

Skill      XL: |  1  2  3  4  5  6 |
---------------+-------------------+-----
Spellcasting   | 3 4 |  4.7
Ice Magic      | 5 6 |  6.1
Conjurations   | 3 |  3.3
Fighting       | |  0.7
Staves         | |  0.4
Dodging        | |  2.8
Stealth        | |  1.4

Action                   |  1- 3 |  4- 6 || total
-------------------------+-------+-------++-------
Melee: Quarterstaff      |     4 |    13 ||    17
 Cast: Freeze            |    31 |     9 ||    40
       Frozen Ramparts   |     1 |     8 ||     9
       Hailstorm         |       |     2 ||     2
  Use: Scroll            |     6 |     2 ||     8
       Potion            |       |     4 ||     4
Armor: Robe              |     6 |     3 ||     9
Dodge: Dodged            |    12 |    10 ||    22
